 Dungeon Crawl Stone Soup version 0.20-a0-1018-ge435b50 (webtiles) character file.

1537 George the Slasher (level 8, 0/70 HPs)
             Began as a Minotaur Fighter on Apr 17, 2017.
             Was a Follower of Makhleb.
             Slain by a wight
             ... wielding a cursed +1 hand axe of electrocution
              (12 damage)
             ... on level 6 of the Dungeon.
             The game lasted 00:08:14 (3582 turns).

George the Slasher (Minotaur Fighter)               Turns: 3582, Time: 00:08:14

Health: 0/70       AC: 16    Str: 23    XL:     8   Next: 56%
Magic:  9/9        EV:  6    Int:  5    God:    Makhleb [*.....]
Gold:   70         SH: 10    Dex: 10    Spells: 7/7 levels left

rFire    . . .     SeeInvis +   a - +0 long sword
rCold    . . .     Gourm    .   c - +0 shield
rNeg     . . .     Faith    .   y - +0 plate armour
rPois    .         Spirit   .   (helmet restricted)
rElec    .         Reflect  .   (no cloak)
rCorr    .         Harm     .   (no gloves)
MR       .....                  (no boots)
Stlth    ..........             (no amulet)
Regen    0.3/turn               p - ring of see invisible
MPRegen  0.2/turn               t - +4 ring of protection

@: drained
A: retaliatory headbutt, horns 2
a: Renounce Religion


You were on level 6 of the Dungeon.
You worshipped Makhleb.
Makhleb was aware of your devotion.
You were not hungry.

You visited 2 branches of the dungeon, and saw 7 of its levels.

You collected 193 gold pieces.
You spent 123 gold pieces at shops.

Inventory:

Hand Weapons
 a - a +0 long sword (weapon)
Missiles
 x - 3 javelins (quivered)
Armour
 c - a +0 shield (worn)
 y - a +0 plate armour (worn)
Jewellery
 p - a ring of see invisible (left hand)
 t - a +4 ring of protection (right hand)
Wands
 b - a wand of paralysis (12/24)
Scrolls
 e - a scroll of fog {unknown}
 k - a scroll of remove curse
 l - a scroll of enchant weapon {unknown}
 m - 4 scrolls of teleportation
 n - 4 scrolls of magic mapping
 o - 2 scrolls of enchant armour
 w - a scroll of immolation {unknown}
Potions
 d - 3 potions of might
 g - a potion of agility
 h - a potion of magic
 i - a potion of cancellation
 q - a potion of heal wounds
 s - 2 potions of mutation
Comestibles
 f - 4 bread rations
 j - 5 meat rations
 r - a royal jelly
 u - 3 chunks of flesh
 v - 3 fruits


   Skills:
 + Level 6.1(5.3) Fighting
 * Level 7.2(6.4) Long Blades
 + Level 6.1(5.3) Armour
 + Level 4.7(4.0) Dodging
 + Level 6.2(5.5) Shields
 + Level 3.1(2.4) Invocations


You had 7 spell levels left.
You didn't know any spells.

Dungeon Overview and Level Annotations

Branches:
Dungeon (6/15)             Temple (1/1) D:5

Altars:
Ashenzari
Cheibriados
Dithmenos
Elyvilon
Fedhas
Gozag
Hepliaklqana
Kikubaaqudgha
Makhleb
Nemelex Xobeh
Okawaru
Qazlal
Ru
Sif Muna
Trog
Uskayaw
Vehumet
Wu Jian
Yredelemnul
Zin
The Shining One

Shops:
D:4 %?(


Innate Abilities, Weirdness & Mutations

You reflexively headbutt those who attack you in melee.
You have a pair of horns on your head.


Message History

The wight hits you from afar with a spear.
The wight barely misses you.
You hit the wight but do no damage. You headbutt the wight!
You destroy the wight!
Makhleb accepts your kill. The wight hits you but does no damage.
You are electrocuted!
* * * LOW HITPOINT WARNING * * *
The wight hits you but does no damage. You block the wight's attack.
The wight hits you but does no damage.
Things that are here:
a spear; a robe; a jackal corpse You hit the wight but do no damage.
The wight is lightly damaged.
The wight hits you but does no damage. You block the wight's attack.
You slash the wight!
You destroy the wight!
Makhleb accepts your kill. You block the wight's attack.
The wight hits you but does no damage.
You are electrocuted!
You die...

#......(....#
#...........#
#...........#
#........!..#
#............
#............
#....[z......
######z#+####
#....z@.....#
#...........#
#.?.........#
######+#.#..[.
.#.### .. #
.##


You could see 3 wights.

Vanquished Creatures
  Grinder (D:4)
  Duvessa (D:4)
  A black bear (D:5)
  A sky beast (D:5)
  A necrophage (D:5)
  Dowan (D:4)
  A killer bee (D:5)
  2 howler monkeys
  2 wights (D:6)
  3 crimson imps (D:5)
  A bullfrog zombie (D:5)
  3 hounds (D:5)
  3 orc wizards
  2 iguanas (D:4)
  5 worker ants
  A killer bee zombie (D:5)
  A worker ant zombie (D:5)
  5 adders
  3 shadow imps (D:5)
  An ooze (D:2)
  2 adder skeletons
  7 worms
  6 dart slugs
  5 leopard geckos
  5 orcs
  5 bats
  5 giant cockroaches
  6 goblins
  7 hobgoblins
  9 jackals
  8 kobolds
  A quokka (D:2)
  4 ball pythons (D:3)
  5 frilled lizards
  A leopard gecko skeleton (D:4)
  7 rats
122 creatures vanquished.

Notes
Turn   | Place    | Note
-------+----------+-------------------------------------------
     0 | D:1      | George the Minotaur Fighter began the quest for the Orb.
     0 | D:1      | Reached XP level 1. HP: 19/19 MP: 0/0
    35 | D:1      | Reached XP level 2. HP: 27/27 MP: 1/1
   599 | D:2      | Reached skill level 3 in Long Blades
   599 | D:2      | Reached XP level 3. HP: 33/33 MP: 2/2
   609 | D:2      | Reached skill level 1 in Dodging
   887 | D:2      | Found a sacrificial altar of Ru.
  1017 | D:2      | Reached XP level 4. HP: 36/40 MP: 3/3
  1044 | D:2      | Found a faded altar of an unknown god.
  1330 | D:3      | Reached skill level 4 in Long Blades
  1341 | D:3      | Found a glowing golden altar of the Shining One.
  1351 | D:3      | Found a basalt altar of Yredelemnul.
  1374 | D:3      | Found a hide-covered altar of Uskayaw.
  1461 | D:3      | Reached XP level 5. HP: 40/46 MP: 4/4
  1704 | D:3      | Found a burning altar of Makhleb.
  1821 | D:3      | Became a worshipper of Makhleb the Destroyer
  1983 | D:4      | Noticed Duvessa
  1983 | D:4      | Noticed Dowan
  1998 | D:4      | Killed Duvessa
  1998 | D:4      | Reached skill level 1 in Invocations
  1998 | D:4      | Reached XP level 6. HP: 20/53 MP: 5/5
  2004 | D:4      | Killed Dowan
  2004 | D:4      | Reached skill level 5 in Long Blades
  2315 | D:4      | Found Xozib's Antique Weapon Shoppe.
  2338 | D:4      | Found a glowing silver altar of Zin.
  2408 | D:4      | Noticed Grinder
  2418 | D:4      | Killed Grinder
  2418 | D:4      | Reached skill level 5 in Fighting
  2418 | D:4      | Reached skill level 5 in Armour
  2418 | D:4      | Reached skill level 5 in Shields
  2418 | D:4      | Reached XP level 7. HP: 50/61 MP: 7/7
  2430 | D:4      | Found Qeeh's Food Shoppe.
  2479 | D:4      | Found Byuleed's Magic Scroll Emporium.
  2497 | D:4      | Bought a scroll of teleportation for 39 gold pieces
  2497 | D:4      | Bought a scroll of magic mapping for 45 gold pieces
  2497 | D:4      | Bought a scroll of identify for 26 gold pieces
  2497 | D:4      | Bought a scroll of noise for 13 gold pieces
  2635 | D:5      | Entered Level 5 of the Dungeon
  2703 | D:5      | Reached skill level 6 in Long Blades
  2712 | D:5      | Reached * piety under Makhleb
  2784 | D:5      | Reached XP level 8. HP: 49/69 MP: 7/9
  2964 | D:5      | Found Keteppu's Antique Weapon Boutique.
  3382 | D:5      | Found a staircase to the Ecumenical Temple.
  3395 | Temple   | Entered the Ecumenical Temple
  3550 | D:5      | Reached skill level 7 in Long Blades
  3582 | D:6      | Slain by a wight

Vault maps used:
D:1:      minmay_arrival_stone_box
D:2:      first_bread, chequers_ecumenical_altar_lobes, hangedman_ru_absence
D:3:      nicolae_overflow_quartered_altars
D:4:      zin_academy, serial_shops, shop_scrolls, shop, shop, uniq_grinder,
          uniq_duvessa
D:5:      cheibrodos_fzero, temple_hall, serial_shops, nicolae_shop_waterfront,
          minivault_25, amethyst_killhole
D:6:      due_unseen_surprise, uniq_crazy_yiuf_cottage
Temple:   nicolae_temple_x_marks_the_god

Skill      XL: |  1  2  3  4  5  6  7  8 |
---------------+-------------------------+-----
Long Blades    | 3 4 5 6 7 |  7.2
Shields        | 4 5 6 |  6.2
Dodging        | 1 2 3 4 |  4.7
Armour         | 4 5 6 |  6.1
Fighting       | 4 5 6 |  6.1
Invocations    | 1 2 3 |  3.1

Action                   |  1- 3 |  4- 6 |  7- 9 || total
-------------------------+-------+-------+-------++-------
Melee: Long sword        |    75 |   129 |   170 ||   374
       Headbutt          |     7 |    28 |    36 ||    71
  Use: Scroll            |       |       |     9 ||     9
  Eat: Chunk             |       |     5 |     4 ||     9
Armor: Scale mail        |    28 |     8 |       ||    36
       Chain mail        |       |    36 |    64 ||   100
       Plate armour      |       |       |    83 ||    83
Dodge: Dodged            |    28 |    29 |    55 ||   112
Block: Shield            |    45 |    63 |   105 ||   213
       Rpst.: Long sword |     7 |     7 |    14 ||    28
